 Dungeon Crawl Stone Soup version 0.30-a0-1157-g2cc9ac7196 (webtiles) character file.

Game seed: 10787426886272360156

302 Sobieck the Ruffian (level 6, -4/47 HPs)
             Began as a Draconian Transmuter on Apr 24, 2023.
             Frozen to death by an endoplasm (5 damage)
             ... on level 4 of the Dungeon.
             The game lasted 00:04:06 (2784 turns).

Sobieck the Ruffian (Draconian Transmuter)          Turns: 2784, Time: 00:04:07

Health: -4/47      AC:  6    Str: 14    XL:     6   Next: 14%
Magic:  8/9        EV: 12    Int: 13    God:
Gold:   136        SH:  8    Dex: 12    Spells: 8/9 levels left

rFire   . .          .
                       - Unarmed
rCold   . . .        w - +0 buckler
rNeg    . . .        (body armour unavailable)
rPois   .            (helmet currently unavailable)
rElec   .            (no cloak)
rCorr   .            (no gloves)
SInv    .            t - melded +0 pair of boots
Will    .....        q - amulet of reflection
Stlth   ++           (no ring)
HPRegen 0.27/turn    (no ring)
MPRegen 0.11/turn

%: reflection
@: appendages (expiring), slowed, very slow
A: horns 2, talons 2, AC +6, unfitting armour, cold-blooded
a: End Transformation


You were on level 4 of the Dungeon.
You had temporarily grown beastly horns and talons.
You visited 1 branch of the dungeon, and saw 4 of its levels.

You collected 136 gold pieces.


Innate Abilities, Weirdness & Mutations

You have temporarily grown beastly horns and talons.
Your plain brown scales are hard. (AC +6)
You cannot fit into any form of body armour.
You are cold-blooded and may be slowed by cold attacks.


   Skills:
 - Level 1.1 Fighting
 + Level 3.5 Dodging
 - Level 2.0 Stealth
 * Level 5.5 Unarmed Combat
 - Level 2.0 Spellcasting
 - Level 2.0 Transmutations


You had 8 spell levels left.
You knew the following spells:

 Your Spells              Type           Power      Damage    Failure   Level
a - Beastly Appendage     Tmut           12%        N/A       16%         1

Your spell library contained the following spells:

 Spells                   Type           Power      Damage    Failure   Level
 Wereblood                Tmut           6%         N/A       22%         2
 Spider Form              Tmut/Pois      3%         N/A       56%         3
 Ice Form                 Ice/Tmut       3%         N/A       92%         4

Inventory:

Missiles
 b - 37 stones {throwing}
 h - 9 boomerangs {throwing}
Armour
 t - a +0 pair of boots (melded)
   (You found it on level 3 of the Dungeon)
 w - a +0 buckler (worn)
   (You found it on level 3 of the Dungeon)
Jewellery
 q - an amulet of reflection (around neck)
   (You found it on level 2 of the Dungeon)
Scrolls
 e - 4 scrolls of identify {unknown}
 f - a scroll of fog {unknown}
 g - 2 scrolls of poison {unknown}
 n - a scroll of fear {unknown}
 o - 2 scrolls of vulnerability {unknown}
 p - a scroll of teleportation {unknown}
 v - a scroll of immolation {unknown}
Potions
 a - 2 potions of lignification {!q}
 c - a potion of haste {unknown}
 d - 2 potions of brilliance {unknown}
 i - a potion of attraction {unknown}
 j - 2 potions of flight {unknown}
 k - a potion of resistance
 l - a potion of magic {unknown}
 m - 2 potions of curing {unknown}
 r - a potion of degeneration {unknown}
 s - a potion of invisibility {unknown}
 u - a potion of berserk rage {unknown}

Dungeon Overview and Level Annotations

Branches:
Dungeon (4/15) Zot: 21223
 Temple: D:4-7

Altars:
Trog

Annotations:
D:4 Natasha

# ## .# ..
############.# ##.##
#............# ...?
#.#######..######..####
#.....<................
.#......#..######J......
....###.#..#...o@....##
.##...........)oh5...?..
#####.#..#.#..#5.#####
#.#..#)#..#.....
#.#..#.#..#...###
#.#..#....#...#
..#.......#...#
...#...........
...########


You could see Natasha (resistant), 2 cerulean imps, 2 orcs and an endoplasm.


Message History

Natasha, Servant of Life and Death comes into view.
She is carrying a wand of roots (8).
You feel less confused.
Natasha hisses angrily.
Natasha mumbles some strange words.
Natasha's front paws start to glow.
Natasha casts a spell.
The orc wizard barely misses you.
Unknown command.
You hit the orc wizard. The orc hits you but does no damage.
The orc wizard casts a spell at you. You resist with some effort.
Unknown command.
You closely miss the orc wizard. You tail-slap the orc wizard.
Natasha zaps a wand.
The roots erupt in riotous growth!
The orc wizard is unaffected.
The grasping roots grab you! The grasping roots constrict you.
The orc hits you with a +0 whip.
The orc wizard hits you but does no damage.
You hear a shout!
You miss the orc wizard. The grasping roots constrict you.
You block the orc's attack.
The orc wizard hits you but does no damage.
Natasha casts a spell at you.
You feel yourself slow down. The grasping roots constrict you.
You punch the orc wizard!
You kill the orc wizard!
The roots lose their grip on you.
Unknown command.
You closely miss the orc. You block the orc's attack. x2
The orc hits you with a +0 dagger. The orc completely misses you.
Unknown command.
You hit the orc.
Natasha mumbles some strange words.
An endoplasm comes into view.
You block the orc's attack. The orc misses you.
Unknown command.
Casting: Beastly Appendage (safe; 16% risk of failure)
Confirm with . or Enter, or press ? or * to list all spells.
You grow a pair of large bovine horns.
Your feet morph into talons.
Your +0 pair of boots melds into your body.
Natasha wildly gestures.
Natasha glows brightly for a moment.
Natasha stares at you and mumbles some strange words.
You feel as though you will be slow longer.
The orc barely misses you. x2
Natasha drinks a potion.
Natasha suddenly seems more resistant.
You block the orc's attack. The orc closely misses you.
The cerulean imp shouts!
The cerulean imp closely misses you.
The cerulean imp hits you but does no damage.
Natasha zaps a wand.
The roots erupt in riotous growth!
The grasping roots grab you!
The orc is unaffected.
Natasha is unaffected.
The grasping roots constrict you. You block the orc's attack.
The cerulean imp closely misses you. You block the cerulean imp's attack.
You escape the roots grasp.
Natasha stares at you and mumbles some strange words.
You resist with some effort.
The cerulean imp hits you with a +0 spear.
The cerulean imp hits you from afar with a +2 spear.
Natasha zaps a wand.
The roots erupt in riotous growth!
The grasping roots grab you!
The orc is unaffected.
The orc is unaffected.
Natasha is unaffected.
The endoplasm is unaffected.
The cerulean imp is unaffected.
The grasping roots constrict you.
* * * LOW HITPOINT WARNING * * *
The endoplasm freezes you.
You are frozen.
* * * LOW HITPOINT WARNING * * *
You block the orc's attack. The orc hits you with a +0 whip.
* * * LOW HITPOINT WARNING * * *
There is a stone staircase leading up here.
The roots grasp on you weakens, but your attempt to escape fails.
Your transformation is almost over.
The cerulean imp misses you. You block the cerulean imp's attack.
Natasha claws you.
* * * LOW HITPOINT WARNING * * *
The grasping roots constrict you.
* * * LOW HITPOINT WARNING * * *
The endoplasm barely misses you. You block the orc's attack.
The orc barely misses you. The cerulean imp barely misses you.
The cerulean imp hits you from afar with a +2 spear.
* * * LOW HITPOINT WARNING * * *
The grasping roots release their grip on you.
Unknown command.
Unknown command.
Natasha claws you.
* * * LOW HITPOINT WARNING * * *
The endoplasm freezes you.
You are frozen.
You die...

Skill      XL: |  1  2  3  4  5 |
---------------+----------------+-----
Dodging        | 2 3 |  3.5
Stealth        | 1 2 |  2.0
Unarmed Combat | 4 5 |  5.5
Fighting       | |  1.1
Spellcasting   | |  2.0
Transmutations | |  2.0

Action                     |  1- 3 |  4- 6 || total
---------------------------+-------+-------++-------
  Melee: Unarmed           |    91 |    92 ||   183
         Kick              |    11 |    17 ||    28
         Tailslap          |    10 |     9 ||    19
         Headbutt          |    10 |     9 ||    19
         Punch             |     1 |       ||     1
   Cast: Beastly Appendage |    17 |    15 ||    32
   Stab: Sleeping          |     2 |     2 ||     4
 Armour: Skin              |    16 |    20 ||    36
  Dodge: Dodged            |    48 |    42 ||    90
  Block: Other             |     6 |     7 ||    13
         Buckler           |       |    13 ||    13

Levels and vault maps discovered:
D:1:      shiori_shiawase, layout_rooms, minmay_statues_item
D:2:      layout_basic
D:3:      layout_loops_corners, lemuel_round_altar, kennysheep_small_spiral,
          st_stairs_4
D:4:      layout_basic, mainiacjoe_overflow_boulevard, uniq_natasha, uniq_robin

Notes
Turn   | Place    | Note
-------+----------+-------------------------------------------
     0 | D:1      | Sobieck the Draconian Transmuter began the quest for the
                  | Orb.
     0 | D:1      | Reached XP level 1. HP: 16/16 MP: 3/3
   126 | D:1      | Reached skill level 2 in Dodging
   126 | D:1      | Reached XP level 2. HP: 23/23 MP: 3/5
   285 | D:1      | Reached skill level 1 in Stealth
   586 | D:2      | Reached XP level 3. HP: 28/28 MP: 3/6
   969 | D:2      | Reached skill level 4 in Unarmed Combat
  1384 | D:2      | Reached XP level 4. HP: 35/35 MP: 5/7
  1655 | D:3      | Reached skill level 2 in Stealth
  1663 | D:3      | Reached skill level 3 in Dodging
  1663 | D:3      | Reached XP level 5. HP: 22/40 MP: 6/8
  1858 | D:3      | Reached skill level 5 in Unarmed Combat
  2538 | D:3      | Found a bloodstained altar of Trog.
  2766 | D:4      | Reached XP level 6. HP: 47/47 MP: 7/9
  2773 | D:4      | Noticed Natasha
  2783 | D:4      | HP: 11/47 [constriction (3)]
  2784 | D:4      | HP: 1/47 [Natasha (6)]
  2784 | D:4      | Frozen to death by an endoplasm

Vanquished Creatures
  2 orc priests (D:3)
  An iguana (D:4)
  4 orc wizards
  4 adders
  A worm (D:3)
  3 dart slugs
  11 orcs
  6 ball pythons
  2 bats
  5 endoplasms
  3 giant cockroaches (D:1)
  7 goblins
  6 hobgoblins
  A quokka (D:2)
  4 frilled lizards
  4 kobolds
  4 rats
68 creatures vanquished.

Vanquished Creatures (others)
  A fungus (D:4)
1 creature vanquished.

Grand Total: 69 creatures vanquished

Table legend:
 A = Non-vault XP
 B = Vault XP
 C = Vault XP percentage of total XP
 D = Non-vault monster count
 E = Vault monster count
 F = Vault count percentage of total count
                 A         B        C        D         E       F
            +---------+---------+-------+---------+---------+-------
      Total |     416 |      16 |   3.7 |      65 |       3 |   4.4
            +---------+---------+-------+---------+---------+-------
        D:1 |      36 |       0 |   0.0 |      20 |       0 |   0.0
        D:2 |      58 |       0 |   0.0 |      16 |       0 |   0.0
        D:3 |     212 |      16 |   7.0 |      25 |       3 |  10.7
        D:4 |     110 |       0 |   0.0 |       4 |       0 |   0.0
            +---------+---------+-------+---------+---------+-------

Skill      XL: |  1  2  3  4  5 |
---------------+----------------+-----
Dodging        | 2 3 |  3.5
Stealth        | 1 2 |  2.0
Unarmed Combat | 4 5 |  5.5
Fighting       | |  1.1
Spellcasting   | |  2.0
Transmutations | |  2.0

Action                     |  1- 3 |  4- 6 || total
---------------------------+-------+-------++-------
  Melee: Unarmed           |    91 |    92 ||   183
         Kick              |    11 |    17 ||    28
         Tailslap          |    10 |     9 ||    19
         Headbutt          |    10 |     9 ||    19
         Punch             |     1 |       ||     1
   Cast: Beastly Appendage |    17 |    15 ||    32
   Stab: Sleeping          |     2 |     2 ||     4
 Armour: Skin              |    16 |    20 ||    36
  Dodge: Dodged            |    48 |    42 ||    90
  Block: Other             |     6 |     7 ||    13
         Buckler           |       |    13 ||    13

Illustrated notes

Table legend:
 A = Kills in this place as a percentage of kills in the entire game.
 B = Kills by you in this place as a percentage of kills by you in the entire game.
 C = Kills by friends in this place as a percentage of kills by friends in the entire game.
 D = Other kills in this place as a percentage of other kills in the entire game.
 E = Experience gained in this place as a percentage of experience gained in the entire game.
 F = Experience gained in this place divided by the number of levels of this place that you have seen.
                   A       B       C       D       E      F
               +-------+-------+-------+-------+-------+----------------------
         Total | 100.0 | 100.0 |   N/A |   N/A | 100.0 | 108.0
       Dungeon | 100.0 | 100.0 |   N/A |   N/A | 100.0 | 108.0
               +-------+-------+-------+-------+-------+----------------------

Table legend: (Time is in decaauts)
 A = Elapsed time spent in this place.
 B = Non-inter-level travel time spent in this place.
 C = Inter-level travel time spent in this place.
 D = Time resting spent in this place.
 E = Time spent auto-exploring this place.
 F = Levels seen in this place.
 G = Mean time per level.
                   A        B        C        D        E       F      G
               +--------+--------+--------+--------+--------+-----+--------+
         Total |   2775 |   2591 |    184 |    154 |   1997 |   4 |  693.8 |
       Dungeon |   2775 |   2591 |    184 |    154 |   1997 |   4 |  693.8 |
               +--------+--------+--------+--------+--------+-----+--------+

Top non-repeatable levels by time:
     D:3: 1338 daAuts
     D:2: 892 daAuts
     D:1: 475 daAuts
     D:4: 68 daAuts
